 Dungeon Crawl Stone Soup version 0.16-a0-3008-g8433e14 (console) character file.

1443 nht the Cleaver (level 8, -10/96 HPs)
             Began as a Minotaur Berserker on Dec 7, 2014.
             Was an Elder of Trog.
             Mangled by an orc warrior
             ... wielding a +0 short sword
              (18 damage)
             ... on level 6 of the Dungeon.
             The game lasted 00:05:42 (4279 turns).

nht the Cleaver (Minotaur Berserker)                Turns: 4279, Time: 00:05:42

Health: -10/96     AC:  7    Str: 26    XL:     8   Next: 46%
Magic:  3/3        EV: 10    Int:  4    God:    Trog [****..]
Gold:   302        SH:  0    Dex: 14    Spells: 0 memorised, 7 levels left

rFire  . . .     SeeInvis .     a - +0 war axe
rCold  . . .     Clarity  .     l - +2 ring mail of Byapt {Str-2 Dex+3 Curse}
rNeg   . . .     SustAb   .     (no shield)
rPois  .         Gourm    .     (helmet restricted)
rElec  .         Spirit   .     (no cloak)
rCorr  .         Warding  .     (no gloves)
rMut   .         Stasis   .     (no boots)
MR     .....                    (no amulet)
Stlth  ..........               (no ring)
                                (no ring)

@: berserking, very quick, not resistant to hostile enchantments, extremely
unstealthy
A: retaliatory headbutt, horns 2
a: Burn Spellbooks, Berserk, Trog's Hand, Brothers in Arms, Renounce Religion


You were on level 6 of the Dungeon.
You worshipped Trog.
Trog was greatly pleased with you.
You were not hungry.

You visited 2 branches of the dungeon, and saw 7 of its levels.

You collected 302 gold pieces.

Inventory:

Hand weapons
 a - a +0 war axe (weapon)
Missiles
 j - 9 tomahawks (quivered)
Armour
 l - the +2 ring mail of Byapt (worn) {Str-2 Dex+3 Curse}
   (You found it on level 5 of the Dungeon)

   It affects your strength (-2).
   It affects your dexterity (+3).
   It may recurse itself when equipped.
Jewellery
 b - a cursed amulet of inaccuracy {unknown}
 t - an uncursed amulet of faith {unknown}
Magical devices
 i - a wand of digging (12)
 w - a wand of frost (19)
 D - a wand of lightning (6)
Scrolls
 d - 2 scrolls of random uselessness {unknown}
 e - 5 scrolls of teleportation {unknown}
 f - 2 scrolls of enchant armour {unknown}
 g - 2 scrolls of blinking {unknown}
 h - a scroll of fear {unknown}
 k - 2 scrolls of remove curse {unknown}
 n - 2 scrolls of noise {unknown}
 o - 10 scrolls of identify {unknown}
 q - 2 scrolls of fog {unknown}
 u - a scroll of recharging {unknown}
 v - 3 scrolls of magic mapping {unknown}
 y - a scroll of immolation {unknown}
 A - a scroll of amnesia {unknown}
Potions
 p - a potion of restore abilities
 x - a potion of heal wounds
 z - a potion of invisibility
Comestibles
 c - 5 bread rations
 m - a beef jerky
 r - 3 fruits
 s - 2 meat rations


   Skills:
 - Level 3.6 Fighting
 + Level 12.6 Axes
 - Level 2.4 Armour
 - Level 2.1 Dodging


You had 7 spell levels left.
You didn't know any spells.

Dungeon Overview and Level Annotations

Branches:
Dungeon (6/15)             Temple (1/1) D:5

Altars:
Cheibriados
Dithmenos
Gozag
Kikubaaqudgha
Nemelex Xobeh
Okawaru
Qazlal
Sif Muna
Vehumet
Zin
The Shining One

Shops:
D:4 (


Innate Abilities, Weirdness & Mutations

You reflexively headbutt those who attack you in melee.
You have a pair of horns on your head.


Message History

You hit the orc warrior but do no damage.
The orc warrior barely misses you.
You barely miss the orc warrior.
You headbutt the orc warrior, but do no damage.
The orc warrior hits you with a short sword.
You hit the orc warrior.
You headbutt the orc warrior, but do no damage.
The orc warrior is lightly wounded.
The orc warrior hits you with a short sword!
You hit the orc warrior but do no damage.
The orc warrior is lightly wounded.
The orc warrior hits you with a short sword!!
* * * LOW HITPOINT WARNING * * *
You are too injured to fight recklessly!
You are too injured to fight recklessly!
Use which ability? (? or * to list)
A red film seems to cover your vision as you go berserk!
You feel yourself moving faster!
You feel mighty!
You feel somewhat more hungry.
The orc warrior hits you with a short sword!!
You die...

██'███'█....█...██.█.
█.....'....'....'.'.
█..██'█....█.████'█.
█..██.█..).█.█......
█.....'....'.'......
█..██+█....███.<....
█[...........█+██
+.....)......+... █
██........(...██+█
█.█o.....█+████.....
█.)@.....+....█.....
█.█..███...♣████....
█ █..█ ♣..♣♣ █....


████ ♣♣.♣ █+█.. ♣.♣ +.. ♣.♣ ███)) ♣.♣ █...█ ♣.. █...█ ♣♣. █...' . █...█ █....
You could see an orc warrior.

Vanquished Creatures
  Grinder (D:4)
  The ghost of braks the Skirmisher, an average DrCK of Xom (D:4)
  An ice beast (D:5)
  4 ogres
  An eye of draining (D:3)
  Duvessa (D:4)
  A big kobold (D:6)
  A giant frog (D:4)
  Dowan (D:4)
  A hound (D:6)
  An iguana (D:4)
  A giant frog skeleton (D:6)
  3 orc wizards
  A worker ant (D:5)
  3 gnolls (D:6)
  4 adders
  2 shadow imps (D:6)
  2 worms
  An adder zombie (D:5)
  3 adder skeletons
  4 giant geckos
  8 orcs
  13 bats
  A bat skeleton (D:5)
  12 hobgoblins
  4 jackals
  4 quokkas
  A ball python (D:4)
  3 giant cockroaches (D:3)
  A giant gecko skeleton (D:4)
  A giant gecko zombie (D:5)
  7 giant newts
  9 goblins
  9 kobolds
  A quokka skeleton (D:4)
  8 rats
120 creatures vanquished.

Vanquished Creatures (others)
  A giant spore (D:6)
1 creature vanquished.

Grand Total: 121 creatures vanquished

Notes
Turn   | Place    | Note
--------------------------------------------------------------
     0 | D:1      | nht, the Minotaur Berserker, began the quest for the Orb.
     0 | D:1      | Reached XP level 1. HP: 19/19 MP: 1/1
   126 | D:1      | Reached skill level 4 in Axes
   189 | D:1      | Reached XP level 2. HP: 23/26 MP: 1/1
   550 | D:2      | Acquired Trog's second power
   621 | D:2      | Reached skill level 5 in Axes
   724 | D:2      | Reached XP level 3. HP: 26/31 MP: 2/2
  1384 | D:3      | Noticed an eye of draining
  1396 | D:3      | Reached skill level 6 in Axes
  1396 | D:3      | Reached XP level 4. HP: 32/39 MP: 0/2
  1396 | D:3      | Killed an eye of draining
  1396 | D:3      | Reached skill level 7 in Axes
  1396 | D:3      | Reached XP level 5. HP: 36/45 MP: 0/2
  1457 | D:3      | Found a sparkling altar of Nemelex Xobeh.
  1458 | D:3      | Found a shadowy altar of Dithmenos.
  1954 | D:4      | Noticed Grinder
  1964 | D:4      | Killed Grinder
  1964 | D:4      | Reached skill level 8 in Axes
  1964 | D:4      | Reached XP level 6. HP: 51/51 MP: 3/3
  2072 | D:4      | Reached skill level 9 in Axes
  2087 | D:4      | Noticed braks' ghost (average DrCK)
  2104 | D:4      | Killed braks' ghost
  2104 | D:4      | Reached XP level 7. HP: 45/57 MP: 3/3
  2243 | D:4      | Found a glowing golden altar of the Shining One.
  2333 | D:4      | Reached skill level 10 in Axes
  2379 | D:4      | Noticed Duvessa
  2384 | D:4      | Noticed Dowan
  2389 | D:4      | Gained mutation: You tend to lose your temper in combat. [potion of mutation]
  2389 | D:4      | Gained mutation: You often lose your temper in combat. [potion of mutation]
  2392 | D:4      | Killed Duvessa
  2396 | D:4      | Killed Dowan
  2492 | D:4      | Found a deep blue altar of Sif Muna.
  2571 | D:4      | Found Saetante's Weapon Boutique.
  2773 | D:5      | Entered Level 5 of the Dungeon
  2777 | D:5      | Got a spiked ring mail
  2790 | D:5      | Identified the +2 ring mail of Byapt {Str-2 Dex+3 Curse} (You found it on level 5 of the Dungeon)
  2939 | D:5      | Found an opulent altar of Gozag.
  2952 | D:5      | Found an iron altar of Okawaru.
  2960 | D:5      | Reached skill level 11 in Axes
  2990 | D:5      | Found a staircase to the Ecumenical Temple.
  3005 | D:5      | Acquired Trog's third power
  3300 | D:5      | Reached XP level 8. HP: 64/64 MP: 3/3
  3741 | D:6      | Reached skill level 12 in Axes
  3903 | D:6      | Lost mutation: You often lose your temper in combat. [potion of cure mutation]
  3903 | D:6      | Lost mutation: You tend to lose your temper in combat. [potion of cure mutation]
  4170 | Temple   | Entered the Ecumenical Temple
  4279 | D:6      | Mangled by an orc warrior

Action                   |  1- 3 |  4- 6 |  7- 9 || total
-------------------------+-------+-------+-------++-------
Melee: Hand axe          |    77 |    57 |   126 ||   260
       War axe           |       |       |    18 ||    18
Invok: Berserk           |     2 |     2 |     4 ||     8
       Burn Spellbooks   |       |       |     1 ||     1
       Trog's Hand       |       |       |     1 ||     1
  Use: Potion            |       |       |    12 ||    12
 Stab: Invisible         |       |       |     1 ||     1
  Eat: Chunk             |     2 |     5 |    12 ||    19
